 Dungeon Crawl Stone Soup version 0.26.0-18-gc5c842f807 (webtiles) character file.

Game seed: 9149501055488111062

135 thiole the Sneak (level 5, -1/32 HPs)
             Began as an Octopode Hedge Wizard on Jan 22, 2021.
             Slain by an iguana (15 damage)
             ... on level 4 of the Dungeon.
             The game lasted 00:03:38 (4458 turns).

thiole the Sneak (Octopode Hedge Wizard)            Turns: 4458, Time: 00:03:39

Health: -1/32      AC:  8    Str:  9    XL:     5   Next: 18%
Magic:  10/10      EV: 13    Int: 17    God:
Gold:   140        SH:  0    Dex: 12    Spells: 3/11 levels left

rFire    . . .     SeeInvis .   k - +2 dagger (protect)
rCold    . . .     Faith    .   (no shield)
rNeg     . . .     Spirit   .   b - +0 hat
rPois    .         Reflect  .   (no amulet)
rElec    .         Harm     .   (no ring)
rCorr    .         Rampage  .   (no ring)
Will     .....                  (no ring)
Stlth    +++.......             (no ring)
HPRegen  0.10/turn              (no ring)
MPRegen  0.12/turn              (no ring)
                                (no ring)
                                (no ring)

@: protection aura
A: almost no armour, stealthy swim, amphibious, 8 rings, constrict 8, camouflage
1, gelatinous body 1
a: no special abilities


You were on level 4 of the Dungeon.
You visited 1 branch of the dungeon, and saw 4 of its levels.

You collected 140 gold pieces.

Inventory:

Hand Weapons
 a - a +0 dagger
 k - a +2 dagger of protection (weapon)
Armour
 b - a +0 hat (worn)
Wands
 o - a wand of paralysis (7)
Scrolls
 c - 2 scrolls of enchant armour {unknown}
 e - a scroll of fear {unknown}
 g - a scroll of magic mapping {unknown}
 i - a scroll of immolation {unknown}
 m - 2 scrolls of teleportation {unknown}
 n - a scroll of identify
 p - a scroll of noise {unknown}
Potions
 d - a potion of invisibility
 f - a potion of flight
 h - 3 potions of curing
 j - a potion of attraction {unknown}
 l - a potion of resistance {unknown}
 q - 2 potions of heal wounds {unknown}
 r - a potion of degeneration {unknown}


   Skills:
 + Level 0.8 Fighting
 - Level 2.0 Dodging
 + Level 4.0 Stealth
 + Level 3.5 Spellcasting
 - Level 2.0 Conjurations
 - Level 2.0 Summonings
 - Level 1.0 Translocations
 * Level 1.3 Air Magic
 * Level 1.7 Poison Magic


You had 3 spell levels left.
You knew the following spells:

 Your Spells              Type           Power        Failure   Level
a - Magic Dart            Conj           36%          8%          1
b - Call Imp              Summ           9%           11%         2
c - Mephitic Cloud        Conj/Pois/Air  8%           26%         3
d - Slow                  Hex            3%           26%         2

Your spell library contained the following spells:

 Spells                   Type           Power        Failure   Level
 Blink                    Tloc           N/A          17%         2
 Conjure Flame            Conj/Fire      6%           32%         3


Dungeon Overview and Level Annotations

Branches:
Dungeon (4/15)
 Temple: D:4-7

Altars:


Innate Abilities, Weirdness & Mutations

You cannot wear most types of armour.
You are very stealthy in the water. (Stealth+)
You are amphibious.
You can wear up to eight rings at the same time.
You can use your tentacles to constrict eight enemies at once.
Your skin changes colour to match your surroundings (Stealth+).
Your rubbery body absorbs attacks. (AC +1, EV +1)


Message History

You constrict the iguana, but do no damage.
The iguana bites you.
You hit the iguana.
The iguana is moderately wounded.
You constrict the iguana, but do no damage.
The iguana bites you but does no damage.
You hit the iguana but do no damage.
The iguana is moderately wounded.
You constrict the iguana. The iguana bites you.
You hit the iguana.
The iguana is heavily wounded.
You constrict the iguana. The iguana bites you!
You hit the iguana but do no damage.
You squeeze the iguana, but do no damage.
The iguana is heavily wounded.
You constrict the iguana. The iguana bites you!
You hit the iguana but do no damage.
The iguana is severely wounded.
You constrict the iguana. The iguana bites you!
You die...

##....<#.....##
#.....[.......#
...............
.......).......
...............
.............?.
.......l.......
#......@.......
##.....#.....).
###### ##.....
.... ... .. #


You could see an iguana.

Vanquished Creatures
  3 gnolls (D:3)
  3 adders
  A worm (D:2)
  2 dart slugs (D:1)
  2 leopard geckos
  3 orcs (D:3)
  A ball python (D:2)
  5 giant cockroaches
  3 goblins (D:1)
  10 hobgoblins
  3 jackals (D:1)
  6 kobolds
  A quokka (D:2)
  10 bats
  5 frilled lizards
  8 rats
66 creatures vanquished.

Notes
Turn   | Place    | Note
-------+----------+-------------------------------------------
     0 | D:1      | thiole the Octopode Hedge Wizard began the quest for the
                  | Orb.
     0 | D:1      | Reached XP level 1. HP: 11/11 MP: 4/4
   235 | D:1      | Reached XP level 2. HP: 9/17 MP: 1/6
   507 | D:1      | Reached skill level 3 in Stealth
  1249 | D:1      | Reached XP level 3. HP: 21/21 MP: 1/7
  2179 | D:2      | Reached XP level 4. HP: 27/27 MP: 5/9
  2182 | D:2      | Learned a level 2 spell: Call Imp
  2186 | D:2      | Learned a level 3 spell: Mephitic Cloud
  2189 | D:2      | Learned a level 2 spell: Slow
  3164 | D:3      | Reached skill level 1 in Poison Magic
  3780 | D:3      | Reached skill level 1 in Air Magic
  3978 | D:3      | Reached XP level 5. HP: 21/32 MP: 4/10
  3982 | D:3      | Reached skill level 4 in Stealth
  4458 | D:4      | Slain by an iguana

Illustrated notes

Levels and vault maps discovered:
D:1:      scummos_arrival_hexagon, layout_basic, minivault_24
D:2:      layout_basic
D:3:      layout_loops_corners, chequers_jeans
D:4:      layout_rooms, nicolae_gozag_cash_rules_everything_around_me,
          chequers_temple_overflow_statue_of_worship,
          minmay_temple_entry_sparse_star, gammafunk_ghost_split, uniq_ijyb,
          uniq_pikel

Skill      XL: |  1  2  3  4  5 |
---------------+----------------+-----
Stealth        | 3 4 |  4.0
Conjurations   | 2 |  2.0
Summonings     | 2 |  2.0
Poison Magic   | 1 |  1.7
Air Magic      | 1 |  1.3
Fighting       | |  0.8
Dodging        | |  2.0
Spellcasting   | |  3.5
Translocations | |  1.0

Action                   |  1- 3 |  4- 6 || total
-------------------------+-------+-------++-------
Melee: Dagger            |    21 |    51 ||    72
       Constrict         |     8 |    15 ||    23
       Tentacles         |     7 |    11 ||    18
 Cast: Magic Dart        |    79 |    69 ||   148
  Use: Potion            |       |     2 ||     2
       Scroll            |       |     3 ||     3
Armor: Skin              |       |    15 ||    15
Dodge: Dodged            |     5 |    27 ||    32
